 Dungeon Crawl Stone Soup version 0.24.1 (webtiles) character file.

Game seed: 10952997672519218368, levelgen mode: deterministic

176 Destapler the Skirmisher (level 5, 0/47 HPs)
             Began as a Hill Orc Abyssal Knight on Apr 6, 2020.
             Was a Believer of Lugonu.
             Slain by an iguana (1 damage)
             ... on level 4 of the Dungeon.
             The game lasted 00:06:20 (3207 turns).

Destapler the Skirmisher (Hill Orc Abyssal Knight)  Turns: 3207, Time: 00:06:21

Health: 0/47       AC:  4    Str: 21    XL:     5   Next: 56%
Magic:  7/7        EV: 12    Int: 12    God:    Lugonu [**....]
Gold:   220        SH:  0    Dex: 10    Spells: 4/4 levels left

rFire    . . .     SeeInvis +   a - +1 hand axe
rCold    . . .     Gourm    .   (no shield)
rNeg     . . .     Faith    .   b - +0 leather armour
rPois    .         Spirit   .   i - +0 helmet
rElec    .         Reflect  .   (no cloak)
rCorr    .         Harm     .   (no gloves)
MR       .....                  (no boots)
Stlth    +.........             u - amulet of regeneration
HPRegen  0.55/turn              q - ring of see invisible
MPRegen  0.10/turn              (no ring)

@: mighty, lethally poisoned (0 -> -2), flying, hasted, very quick
A: no striking features
a: Depart the Abyss, Bend Space, Renounce Religion


You were on level 4 of the Dungeon.
You worshipped Lugonu.
Lugonu was pleased with you.
You were not hungry.

You visited 1 branch of the dungeon, and saw 4 of its levels.
You visited the Abyss 1 time.
You also visited: Ossuary.

You collected 220 gold pieces.

Inventory:

Hand Weapons
 a - a +1 hand axe (weapon)
Missiles
 y - 15 poisoned darts (quivered)
Armour
 b - a +0 leather armour (worn)
 i - a +0 helmet (worn)
Jewellery
 q - a ring of see invisible (left hand)
 u - an amulet of regeneration (around neck)
Wands
 k - a wand of polymorph (6)
Scrolls
 f - a scroll of fear {unknown}
 j - a scroll of noise {unknown}
 n - 2 scrolls of enchant armour {unknown}
 p - a scroll of brand weapon {unknown}
 s - 4 scrolls of enchant weapon {unknown}
Potions
 d - a potion of lignification
 e - a potion of mutation {unknown}
 g - 2 potions of degeneration {unknown}
 h - 6 potions of haste
 l - a potion of cancellation {unknown}
 m - 2 potions of ambrosia {unknown}
 o - a potion of brilliance {unknown}
 r - 4 potions of might
 t - 2 potions of curing {unknown}
 v - 3 potions of flight
 w - a potion of heal wounds {unknown}
Comestibles
 c - 7 rations


   Skills:
 + Level 4.6 Fighting
 + Level 4.0 Axes
 + Level 3.3 Armour
 + Level 1.9 Dodging
 + Level 3.8 Invocations


You had 4 spell levels left.
You didn't know any spells.
Your spell library was empty.

Dungeon Overview and Level Annotations

Branches:
Dungeon (4/15)            Ossuary (visited)
 Temple: D:4-7

Altars:
Kikubaaqudgha


Message History

The worker ant is severely wounded.
You hit the iguana.
You feel sick.
A jackal comes into view.
The iguana bites you!
* * * LOW HITPOINT WARNING * * *
The worker ant closely misses you.
It was a potion of haste.
You feel yourself speed up.
You feel sick.
The jackal barks!
The iguana bites you.
* * * LOW HITPOINT WARNING * * *
The worker ant bites you but does no damage.
It was a potion of might.
You feel very mighty all of a sudden.
* * * LOW HITPOINT WARNING * * *
You feel sick. The iguana closely misses you. The worker ant misses you.
It was a potion of flight.
You feel very buoyant.
You fly up into the air.
The worker ant closely misses you. The iguana bites you.
You die...

***,***,* #...###########..
*,,,,,* #...# ##รท *,,**,*
#...# ###. ***,,**,* #...#
#... ,**,,**,*
#######...######* #.#.
,**,,**,###..>.!..........#*
#.#.
,,,,,,,,...................*
#,#.
,******,###................*
#.#. ,* *,*
######@...#.####.* #... **
*,* #la..#.# *,**#... *,*
#....#.# *,,..... *******,*
#..h.#.# ***##.## ,,,,,,,,*
#....#,* #,* ,********
#.....,* *,** ,,,,* #.#.##.*
*,*, ,**,* **#.#.#*.# *,,,
,**,* *,,,,,,,,***********


You could see an iguana, a worker ant and a jackal.

Vanquished Creatures
  A hound zombie (Ossuary)
  4 mummies (Ossuary)
  4 adders (D:4)
  An ooze (D:3)
  3 adder zombies (Ossuary)
  3 worms
  2 dart slugs
  3 orcs
  A ball python (D:1)
  A giant cockroach (D:3)
  5 goblins
  4 hobgoblins
  2 kobolds
  7 bats
  2 frilled lizards
  A gnoll zombie (Ossuary)
  A goblin zombie (Ossuary)
  A hobgoblin zombie (Ossuary)
  2 jackal zombies (Ossuary)
  A kobold zombie (Ossuary)
  2 orc zombies (Ossuary)
  5 rats
56 creatures vanquished.

Notes
Turn   | Place    | Note
-------+----------+-------------------------------------------
     0 | Abyss:1  | Destapler the Hill Orc Abyssal Knight began the quest for
                  | the Orb.
     0 | Abyss:1  | Reached XP level 1. HP: 19/19 MP: 2/2
    30 | D:1      | Escaped the Abyss
   103 | D:1      | Reached skill level 1 in Dodging
   103 | D:1      | Reached XP level 2. HP: 8/27 MP: 3/3
   924 | D:2      | Found an ancient bone altar of Kikubaaqudgha.
   943 | D:2      | Reached XP level 3. HP: 30/33 MP: 5/5
  1437 | D:2      | HP: 1/33 [worm (10)]
  2062 | D:3      | Reached ** piety under Lugonu
  2707 | D:4      | Reached XP level 4. HP: 30/40 MP: 6/6
  2804 | D:4      | Found a sand-covered staircase.
  2809 | Ossuary  | Entered an ossuary
  2825 | Ossuary  | Reached XP level 5. HP: 13/47 MP: 7/7
  3205 | D:4      | HP: 2/47 [iguana (4)]
  3207 | D:4      | Slain by an iguana

Levels and vault maps discovered:
D:1:      evilmike_arrival_run_for_it, layout_basic
D:2:      layout_basic, lemuel_doored_altar,
          hangedman_abyss_or_decor_lesser_grid, minmay_tromino_v4_a
D:3:      layout_loops_cross
D:4:      layout_loops_cross, nicolae_ossuary_entry_ruins

Skill      XL: |  1  2  3  4  5 |
---------------+----------------+-----
Dodging        | 1 |  1.9
Axes           | 3 4 |  4.0
Fighting       | 4 |  4.6
Invocations    | 3 |  3.8
Armour         | 3 |  3.3

Action                   |  1- 3 |  4- 6 || total
-------------------------+-------+-------++-------
Melee: Hand axe          |   130 |    91 ||   221
Throw: Dart              |     2 |       ||     2
  Use: Scroll            |     4 |     2 ||     6
       Potion            |       |     3 ||     3
  Eat: Chunk             |     5 |     2 ||     7
Armor: Leather armour    |    26 |    33 ||    59
Dodge: Dodged            |    68 |    85 ||   153
